 Dungeon Crawl Stone Soup version 0.23.0 (webtiles) character file.

Game seed: 16507664815243678735

15399 Monsterracer the Envoy of Void (level 12, 0/97 HPs)
             Began as a Formicid Abyssal Knight on Feb 13, 2019.
             Was a High Priest of Lugonu.
             Succumbed to an orc wizard's poison
             ... on level 10 of the Dungeon.
             The game lasted 00:18:59 (15889 turns).

Monsterracer the Envoy of Void (FoAK)              Turns: 15889, Time: 00:18:59

Health: 0/97       AC: 19    Str: 23    XL:     12   Next: 57%
Magic:  16/19      EV: 14    Int: 13    God:    Lugonu [*****.]
Gold:   221        SH:  8    Dex: 10    Spells: 11/11 levels left

rFire    . . .     SeeInvis +   D - +0 battleaxe
rCold    + . .     Gourm    .   s - +0 buckler
rNeg     . . .     Faith    .   d - +2 chain mail of Rotation {Str+2}
rPois    .         Spirit   +   (helmet unavailable)
rElec    .         Reflect  .   q - +0 cloak
rCorr    .         Harm     .   F - +1 pair of gloves
MR       +....                  n - +1 pair of boots
Stlth    ..........             h - amulet of guardian spirit
HPRegen  0.26/turn              C - ring of protection from cold {!d}
MPRegen  0.16/turn              t - +5 ring of evasion

@: lethally poisoned (0 -> -5)
A: permanent stasis, dig shafts and tunnels, four strong arms, antennae 3, large
bone plates 1, blurry vision 1
a: Dig, Shaft Self, Depart the Abyss, Bend Space, Banish, Corrupt, Enter the
Abyss, Renounce Religion


You were on level 10 of the Dungeon.
You worshipped Lugonu.
Lugonu was extremely pleased with you.
You were not hungry.

You visited 4 branches of the dungeon, and saw 14 of its levels.
You visited the Abyss 1 time.

You collected 682 gold pieces.
You spent 461 gold pieces at shops.

Inventory:

Hand Weapons
 a - a +3 quarterstaff of holy wrath
 D - a +0 battleaxe (weapon)
Missiles
 v - a throwing net (quivered) {!f}
Armour
 d - the +2 chain mail of Rotation (worn) {Str+2}
   (You bought it in a shop on level 8 of the Dungeon)

   It affects your strength (+2).
 n - a +1 pair of boots (worn)
 q - a +0 cloak (worn)
 s - a +0 buckler (worn)
 F - a +1 pair of gloves (worn)
Jewellery
 h - an amulet of guardian spirit (around neck)
 k - an uncursed ring of ice
 t - a +5 ring of evasion (right hand)
 u - an uncursed ring of wizardry
 C - a ring of protection from cold (left hand) {!d}
Wands
 o - a wand of disintegration (17)
 w - a wand of acid (9)
 x - a wand of paralysis (7)
 y - a wand of flame (15)
Scrolls
 f - 8 scrolls of identify
 i - 2 scrolls of fear {!r}
 j - 2 scrolls of amnesia
 m - 2 scrolls of magic mapping
 p - 4 scrolls of enchant weapon
 r - 6 scrolls of remove curse
Potions
 b - a potion of invisibility
 g - 3 potions of brilliance
 z - a potion of resistance
 A - a potion of might
Comestibles
 c - 17 rations
 E - 6 chunks of flesh


   Skills:
 + Level 9.8 Fighting
   Level 6.7(9.3) Maces & Flails
 * Level 9.9(10.7) Staves
 + Level 9.3 Armour
 + Level 3.5 Dodging
 - Level 3.3 Shields
 + Level 10.3 Invocations
 + Level 4.0 Evocations


You had 11 spell levels left.
You didn't know any spells.
Your spell library contained the following spells:

 Spells                   Type           Power        Failure   Level  Hunger
 Animate Skeleton         Necr           N/A          88%         1    ##.....
 Apportation              Tloc           #.....       88%         1    ##.....
 Confusing Touch          Hex            #.....       88%         1    ##.....
 Corona                   Hex            #......      88%         1    ##.....
 Pain                     Necr           #...         88%         1    ##.....
 Summon Small Mammal      Summ           #...         88%         1    ##.....
 Slow                     Hex            #.......     95%         2    ###....
 Inner Flame              Hex/Fire       #.......     99%         3    ####...
 Portal Projectile        Hex/Tloc       #.....       99%         3    ####...
 Regeneration             Chrm/Necr      #.........   99%         3    ####...
 Vampiric Draining        Necr           #.........   99%         3    ####...
 Animate Dead             Necr           N/A          100%        4    #####..
 Cause Fear               Hex            #.........   100%        4    #####..
 Leda's Liquefaction      Hex/Erth       #.........   100%        4    #####..
 Bolt of Magma            Conj/Fire/Erth #.........   100%        5    ######.
 Iskenderun's Battlesphe  Conj/Chrm      #.......     100%        5    ######.
 Venom Bolt               Conj/Pois      #.........   100%        5    ######.
 Iron Shot                Conj/Erth      #.........   100%        6    #######
 Orb of Destruction       Conj           #.........   100%        7    #######
 Spellforged Servitor     Conj/Summ      #.........   100%        7    #######


Dungeon Overview and Level Annotations

Branches:
Dungeon (11/15)            Temple (1/1) D:4            Lair (1/6) D:9
    Orc (1/2) D:11

Altars:
Ashenzari
Cheibriados
Dithmenos
Elyvilon
Fedhas
Gozag
Hepliaklqana
Kikubaaqudgha
Makhleb
Nemelex Xobeh
Okawaru
Qazlal
Ru
Sif Muna
Trog
Uskayaw
Vehumet
Wu Jian
Xom
Yredelemnul
Zin
The Shining One

Shops:
D:8 [

Annotations:
Lair:1 exclusion: 3 oklob plants
Abyss:1 Erolcha


Innate Abilities, Weirdness & Mutations

You cannot be hasted, slowed, berserked, paralysed or teleported.
You can dig through walls and to a lower floor.
Your four strong arms can wield two-handed weapons with a shield.
You have a pair of large antennae on your head. (SInv)
You are partially covered in large bone plates. (SH +4)
Scrolls take you a little longer to read.


Message History

The orc wizard gestures at you while chanting.
The magic dart hits you!
* * * LOW HITPOINT WARNING * * *
You take 12 damage, and have 42/97 hp.
You now have 13/19 mp.
Unknown command.
* * * LOW HITPOINT WARNING * * *
You feel very sick.
You take 4 damage, and have 38/97 hp.
Unknown command.
* * * LOW HITPOINT WARNING * * *
You feel very sick.
You take 4 damage, and have 34/97 hp.
Unknown command.
* * * LOW HITPOINT WARNING * * *
You feel very sick.
You take 2 damage, and have 32/97 hp.
* * * LOW HITPOINT WARNING * * *
You feel very sick.
You take 3 damage, and have 29/97 hp.
* * * LOW HITPOINT WARNING * * *
You feel very sick.
You take 3 damage, and have 26/97 hp.
* * * LOW HITPOINT WARNING * * *
You feel very sick.
Items here: ))))))))) [[[[[ You take 3 damage, and have 23/97 hp.
* * * LOW HITPOINT WARNING * * *
You feel very sick.
You see here a +0 short sword.
You take 2 damage, and have 21/97 hp.
You hit the orc.
The orc is moderately wounded.
* * * LOW HITPOINT WARNING * * *
You feel sick. You block the orc's attack.
You take 2 damage, and have 19/97 hp.
Unknown command.
Okay, then.
* * * LOW HITPOINT WARNING * * *
You feel sick.
There is an open door here.
You take 2 damage, and have 17/97 hp.
* * * LOW HITPOINT WARNING * * *
You feel sick.
You take 2 damage, and have 15/97 hp.
* * * LOW HITPOINT WARNING * * *
You feel sick.
You take 1 damage, and have 14/97 hp.
* * * LOW HITPOINT WARNING * * *
You feel sick.
You take 2 damage, and have 12/97 hp.
* * * LOW HITPOINT WARNING * * *
You feel sick.
You take 2 damage, and have 10/97 hp.
* * * LOW HITPOINT WARNING * * *
You feel sick.
You take 1 damage, and have 9/97 hp.
* * * LOW HITPOINT WARNING * * *
You feel sick.
You take 1 damage, and have 8/97 hp.
* * * LOW HITPOINT WARNING * * *
You feel sick.
The orc wizard mumbles some strange words.
The orc wizard blinks!
There is an escape hatch in the ceiling here.
You take 1 damage, and have 7/97 hp.
Really go through this one-way escape hatch?
* * * LOW HITPOINT WARNING * * *
You feel sick. A mysterious force pulls you upwards.
The hatch slams shut behind you.
* * * LOW HITPOINT WARNING * * *
You feel sick.
Unknown command.
Unknown command.
You take 3 damage, and have 4/97 hp.
Okay, then.
Wield which item (- for none, * to show all)? (? for menu, Esc to quit)
Your +3 quarterstaff of holy wrath stops glowing.
D - a +0 battleaxe (weapon)
You swing at nothing.
* * * LOW HITPOINT WARNING * * *
You feel sick.
You take 2 damage, and have 2/97 hp.
Unknown command.
It was a potion of mutation.
You feel extremely strange.
You feel resistant to hostile enchantments.
Your vision blurs.
You feel less resistant to hostile enchantments.
Large bone plates grow over parts of your arms.
* * * LOW HITPOINT WARNING * * *
You feel sick.
You take 1 damage, and have 1/97 hp.
Unknown command.
It was a potion of berserk rage.
Your stasis prevents you from going berserk.
* * * LOW HITPOINT WARNING * * *
You feel sick.
Unknown command.
Okay, then.
Okay, then.
You die...

......##### ##.# #.# ##'#### #..#
#.# #..# ###+## #####.##
#'######## #....# #.......
...>.....# #....# #.......
.........# #....# #.......
.........######....#######.......
.........##...'.)..#..[).........
.........##.###.@..'.#####.......
.........##.# #....### #.......
.........##.# #....# #.......
.........'..# ###### #.......
.........#### #....... ##########
########


There were no monsters in sight!

Vanquished Creatures
  Harold (D:8)
  A two-headed ogre (D:9)
  Pikel (D:7)
  A deep elf mage (D:9)
  Joseph (D:8)
  2 spiny frogs (Lair:1)
  A komodo dragon (Lair:1)
  2 trolls
  3 hornets
  3 hippogriffs
  16 yaks
  Eustachio (D:4)
  2 hungry ghosts (D:9)
  4 water moccasins (Lair:1)
  A soldier ant (D:8)
  3 porcupines (Lair:1)
  Duvessa (D:8)
  6 orc warriors
  3 black bears
  3 ice beasts
  2 sky beasts
  A slave (D:7)
  3 phantoms
  3 necrophages
  9 ogres
  6 centaurs
  2 crocodiles (Lair:1)
  2 big kobolds
  10 bullfrogs
  A wyvern zombie (D:9)
  Dowan (D:8)
  A wyvern skeleton (D:8)
  4 scorpions
  A water moccasin skeleton (D:7)
  4 killer bees (D:8)
  A howler monkey (D:6)
  6 crimson imps
  2 centaur zombies
  3 bullfrog skeletons
  A centaur skeleton (D:6)
  7 hounds
  3 jellies
  8 orc wizards
  5 orc priests
  3 iguanas
  5 worker ants
  2 killer bee zombies
  2 hound zombies
  3 hound skeletons
  A howler monkey zombie (D:6)
  A worker ant zombie (D:6)
  A howler monkey skeleton (D:6)
  8 adders
  7 gnolls
  A shadow imp (D:6)
  An ooze (D:3)
  3 adder skeletons
  2 adder zombies (D:6)
  4 worms
  6 leopard geckos
  37 orcs
  5 bats
  7 giant cockroaches
  A goblin (D:2)
  6 hobgoblins
  5 quokkas
  A ball python (D:3)
  7 frilled lizards
  A jackal skeleton (D:5)
  A jackal zombie (D:6)
  12 kobolds
  2 leopard gecko zombies
  2 quokka skeletons
  A quokka zombie (D:6)
  4 rats
  A plant (Lair:1)
285 creatures vanquished.

Vanquished Creatures (others)
  A fungus (Lair:1)
  2 plants (Lair:1)
3 creatures vanquished.

Grand Total: 288 creatures vanquished

Notes
Turn   | Place    | Note
-------+----------+-------------------------------------------
     0 | Abyss:1  | Monsterracer the Formicid Abyssal Knight began the quest
                  | for the Orb.
     0 | Abyss:1  | Reached XP level 1. HP: 18/18 MP: 2/2
    23 | Abyss:1  | Found a viscous altar of Jiyva.
    26 | Abyss:1  | Found a corrupted altar of Lugonu.
    44 | Abyss:1  | Noticed a tentacled starspawn
    49 | D:1      | Escaped the Abyss
    90 | D:1      | HP: 6/18 [gnoll/+0 spear (5)]
    93 | D:1      | Reached XP level 2. HP: 7/24 MP: 3/3
   337 | D:1      | Reached * piety under Lugonu
   470 | D:1      | Reached XP level 3. HP: 29/29 MP: 4/4
   802 | D:2      | Noticed a phantom
   818 | D:2      | HP: 15/30 [phantom (6)]
   839 | D:2      | HP: 12/30 [worm (2)]
   848 | D:2      | HP: 10/30 [phantom (3)]
   857 | D:2      | Killed a phantom
   857 | D:2      | Reached skill level 3 in Invocations
   857 | D:2      | Reached XP level 4. HP: 8/37 MP: 6/6
   857 | D:2      | Reached XP level 5. HP: 10/42 MP: 7/7
  1927 | D:3      | Found a deep blue altar of Sif Muna.
  2414 | D:3      | You fall through a shaft for 2 floors!
  2414 | D:5      | Entered Level 5 of the Dungeon
  2414 | D:5      | Found a burning altar of Makhleb.
  2417 | D:5      | Found an ancient bone altar of Kikubaaqudgha.
  2430 | D:5      | Reached XP level 6. HP: 37/48 MP: 5/8
  2535 | D:5      | Noticed a phantom
  2564 | D:5      | HP: 22/48 [centaur (5)]
  2569 | D:5      | Reached skill level 4 in Invocations
  2571 | D:5      | HP: 11/49 [phantom (3)]
  2577 | D:5      | HP: 11/49 [phantom (1)]
  2595 | D:5      | HP: 10/49 [phantom (4)]
  2611 | D:5      | HP: 9/49 [phantom (2)]
  2617 | D:5      | HP: 5/49 [phantom (3)]
  2651 | D:5      | HP: 9/49 [phantom (3)]
  2656 | D:5      | HP: 7/49 [phantom (3)]
  2664 | D:5      | Killed a phantom
  2664 | D:5      | Reached ** piety under Lugonu
  2664 | D:5      | Reached XP level 7. HP: 9/55 MP: 6/10
  3169 | D:5      | You fall through a shaft!
  3181 | D:6      | Noticed a troll
  3210 | D:6      | You fall through a shaft!
  3461 | D:7      | Reached skill level 5 in Maces & Flails
  3567 | D:7      | Reached skill level 5 in Fighting
  3591 | D:7      | HP: 15/56 [orc warrior/+0 war axe (16)]
  3701 | D:6      | HP: 27/56 [orc priest/divine providence (8)]
  3716 | D:6      | You fall through a shaft!
  3716 | D:7      | HP: 28/56 [orc/+3 hand axe (2)]
  3896 | D:6      | HP: 23/56 [troll (6)]
  3901 | D:6      | HP: 15/56 [troll (9)]
  3903 | D:6      | HP: 6/56 [troll (2)]
  3904 | D:6      | You fall through a shaft for 3 floors!
  4187 | D:9      | Noticed a hungry ghost
  4222 | D:9      | Paralysed by fainting for 6 turns
  4231 | D:9      | Killed a hungry ghost
  4231 | D:9      | Reached skill level 5 in Invocations
  4231 | D:9      | Reached XP level 8. HP: 57/62 MP: 9/11
  4261 | D:9      | Noticed a troll
  4261 | D:9      | Noticed a yak
  4261 | D:9      | Noticed a yak
  4261 | D:9      | Noticed a yak
  4261 | D:9      | Noticed a deep elf mage
  4262 | D:9      | Noticed a yak
  4276 | D:9      | Noticed a hornet
  4276 | D:9      | Noticed a two-headed ogre
  4279 | D:9      | You fall through a shaft!
  4279 | D:10     | Entered Level 10 of the Dungeon
  4518 | D:9      | Noticed a yak
  4518 | D:9      | Noticed a yak
  4519 | D:9      | Noticed a yak
  4537 | D:9      | HP: 29/63 [yak (9)]
  4538 | D:9      | Killed a yak
  4542 | D:9      | HP: 20/63 [yak (1)]
  4544 | D:9      | Killed a yak
  4544 | D:9      | Reached skill level 5 in Armour
  4618 | D:9      | HP: 31/64 [yak (3)]
  4624 | D:9      | Killed a yak
  4924 | D:8      | Noticed Joseph
  4940 | D:8      | HP: 32/64 [Joseph/+3 quarterstaff of holy wrath (9)]
  4946 | D:8      | Killed Joseph
  4946 | D:8      | Reached skill level 6 in Invocations
  4946 | D:8      | Reached XP level 9. HP: 34/70 MP: 5/13
  4949 | D:8      | HP: 31/70 [hound (3)]
  5093 | D:8      | Noticed a hippogriff
  5103 | D:8      | Killed a hippogriff
  5214 | D:8      | Found Ytzepsev's Antique Armour Emporium.
  5280 | D:8      | Bought a buckler for 148 gold pieces
  5342 | D:8      | HP: 31/71 [killer bee (6)]
  5347 | D:8      | HP: 25/71 [poisoned by a killer bee]
  5352 | D:8      | HP: 18/71 [killer bee (2)]
  5357 | D:8      | HP: 11/71 [poisoned by a killer bee]
  5362 | D:8      | Reached skill level 1 in Shields
  5369 | D:8      | HP: 31/71 [killer bee (5)]
  5376 | D:8      | HP: 29/71 [poisoned by a killer bee]
  5384 | D:8      | HP: 28/71 [poisoned by a killer bee]
  5596 | D:8      | Found a shadowy altar of Dithmenos.
  5933 | D:8      | Noticed a hornet
  5933 | D:8      | Noticed a hornet
  5947 | D:8      | HP: 34/71 [hornet (5)]
  5952 | D:8      | HP: 19/71 [poisoned by a hornet]
  5954 | D:8      | You fall through a shaft!
  5957 | D:9      | HP: 13/71 [poisoned by a hornet]
  5962 | D:9      | HP: 8/71 [poisoned by a hornet]
  5968 | D:9      | HP: 4/71 [poisoned by a hornet]
  5973 | D:9      | HP: 4/71 [poisoned by a hornet]
  5981 | D:9      | HP: 3/71 [poisoned by a hornet]
  6319 | D:8      | Reached skill level 7 in Invocations
  6379 | D:8      | Noticed a hippogriff
  6387 | D:8      | Killed a hippogriff
  6494 | D:7      | Noticed Duvessa
  6494 | D:7      | Noticed Dowan
  6634 | D:8      | Reached XP level 10. HP: 79/79 MP: 15/15
  6693 | D:7      | Noticed Harold
  6713 | D:8      | Killed Harold
  6713 | D:8      | Reached skill level 5 in Staves
  6716 | D:8      | Killed Duvessa
  6722 | D:8      | Killed Dowan
  7063 | D:7      | Noticed Pikel
  7085 | D:7      | Killed Pikel
  7085 | D:7      | Reached skill level 8 in Invocations
  7138 | D:6      | Found a bloodstained altar of Trog.
  7142 | D:6      | Found a shattered altar of Ashenzari.
  7161 | D:6      | Reached *** piety under Lugonu
  7187 | D:6      | You fall through a shaft for 2 floors!
  7728 | D:6      | HP: 36/80 [troll (11)]
  8207 | D:6      | Found a sacrificial altar of Ru.
  8289 | D:6      | Reached XP level 11. HP: 68/86 MP: 12/17
  8654 | D:5      | Reached **** piety under Lugonu
  8982 | D:4      | Reached skill level 9 in Invocations
  9443 | D:3      | Found a faded altar of an unknown god.
  9481 | D:3      | Found a burning altar of Makhleb.
  9841 | D:4      | Found a staircase to the Ecumenical Temple.
 10051 | D:4      | Noticed Eustachio
 10075 | D:4      | Killed Eustachio
 10138 | Temple   | Entered the Ecumenical Temple
 10357 | D:5      | Found a glowing silver altar of Zin.
 10357 | D:5      | Found an opulent altar of Gozag.
 10397 | D:5      | Found a glowing golden altar of the Shining One.
 10991 | D:7      | Found a snail-covered altar of Cheibriados.
 11029 | D:7      | Found a deep blue altar of Sif Muna.
 11218 | D:9      | Reached skill level 1 in Dodging
 11223 | D:9      | HP: 37/87 [ogre/+0 giant spiked club (13)]
 11229 | D:9      | HP: 34/87 [poisoned by a hornet]
 11236 | D:9      | HP: 33/87 [poisoned by a hornet]
 11242 | D:9      | HP: 32/87 [poisoned by a hornet]
 11250 | D:9      | HP: 32/87 [poisoned by a hornet]
 11515 | D:9      | HP: 42/87 [two-headed ogre/+0 giant club (14)]
 11516 | D:9      | Killed a two-headed ogre
 11516 | D:9      | Reached skill level 1 in Evocations
 12121 | D:9      | Found a staircase to the Lair.
 12334 | D:9      | Killed a deep elf mage
 12334 | D:9      | Reached ***** piety under Lugonu
 13049 | Lair:1   | Entered Level 1 of the Lair of Beasts
 13061 | Lair:1   | HP: 44/89 [spiny frog (1)]
 13064 | Lair:1   | HP: 20/89 [poisoned by a spiny frog]
 13074 | Lair:1   | HP: 44/89 [poisoned by a spiny frog]
 13079 | Lair:1   | HP: 36/89 [poisoned by a spiny frog]
 13084 | Lair:1   | HP: 32/89 [poisoned by a spiny frog]
 13089 | Lair:1   | HP: 28/89 [poisoned by a spiny frog]
 13094 | Lair:1   | HP: 26/89 [poisoned by a spiny frog]
 13101 | Lair:1   | HP: 25/89 [poisoned by a spiny frog]
 13108 | Lair:1   | HP: 24/89 [poisoned by a spiny frog]
 13116 | Lair:1   | HP: 24/89 [poisoned by a spiny frog]
 13589 | Lair:1   | Reached XP level 12. HP: 71/95 MP: 17/19
 14408 | Lair:1   | Reached skill level 10 in Invocations
 15038 | D:8      | Bought a distressingly furry chain mail for 313 gold pieces
 15049 | D:8      | Identified the +2 chain mail of Rotation {Str+2} (You
                  | bought it in a shop on level 8 of the Dungeon)
 15386 | D:11     | Noticed Erolcha
 15410 | D:11     | HP: 48/97 [Erolcha/+0 giant club (16)]
 15411 | D:11     | Banished Erolcha
 15426 | D:11     | HP: 47/97 [gnoll/+0 spear (4)]
 15620 | D:11     | Found a staircase to the Orcish Mines.
 15852 | Orc:1    | Entered Level 1 of the Orcish Mines
 15866 | D:11     | HP: 42/97 [orc wizard/magic dart (8)]
 15871 | D:11     | HP: 26/97 [poisoned by an orc wizard]
 15876 | D:11     | HP: 15/97 [poisoned by an orc wizard]
 15881 | D:11     | HP: 8/97 [poisoned by an orc wizard]
 15886 | D:10     | HP: 2/97 [poisoned by an orc wizard]
 15887 | D:10     | Gained mutation: You are resistant to hostile enchantments.
                  | (MR+) [potion of mutation]
 15887 | D:10     | Gained mutation: Scrolls take you a little longer to read.
                  | [potion of mutation]
 15887 | D:10     | Lost mutation: You are resistant to hostile enchantments.
                  | (MR+) [potion of mutation]
 15887 | D:10     | Gained mutation: You are partially covered in large bone
                  | plates. (SH +4) [potion of mutation]
 15889 | D:10     | Succumbed to an orc wizard's poison

Skill      XL: |  1  2  3  4  5  6  7  8  9 10 11 12 |
---------------+-------------------------------------+-----
Fighting       | 4 5 6 7 8 9 |  9.8
Maces & Flails | 3 4 5 6 |  6.7
Invocations    | 3 4 5 6 7 8 9 10 | 10.3
Armour         | 3 4 5 6 7 8 9 |  9.3
Staves         | 2 4 7 9 |  9.9
Shields        | 2 3 |  3.3
Dodging        | 2 3 |  3.5
Evocations     | 2 4 |  4.0

Action                   |  1- 3 |  4- 6 |  7- 9 | 10-12 || total
-------------------------+-------+-------+-------+-------++-------
Melee: Mace              |    82 |    88 |       |       ||   170
       Flail             |       |    83 |   232 |       ||   315
       Quarterstaff      |       |       |   158 |   898 ||  1056
Invok: Depart the Abyss  |     1 |       |       |       ||     1
       Banish            |       |       |       |     1 ||     1
 Abil: Shaft Self        |       |       |     5 |     1 ||     6
  Use: Scroll            |       |     8 |     3 |     5 ||    16
       Potion            |       |       |     1 |     5 ||     6
  Eat: Chunk             |       |     6 |     6 |    27 ||    39
       Ration            |       |       |     5 |     2 ||     7
Armor: Plate armour      |    49 |   140 |   326 |   370 ||   885
       Chain mail        |       |       |       |    46 ||    46
Dodge: Dodged            |    25 |    51 |   131 |   365 ||   572
Block: Buckler           |       |       |    24 |   158 ||   182

Levels and vault maps discovered:
D:1:      sevenhm_arrival_forest_fort_small_4, layout_rooms
D:2:      layout_loops_ring
D:3:      layout_basic, makhleb_grotto_becter, first_ration,
          chequers_ecumenical_altar_simple, led_sif_pool
D:4:      layout_loops_cross, minmay_temple_entry_stoned_glass, uniq_eustachio
D:5:      layout_loops_cross, grunt_temple_overflow_gold_and_silver,
          kiku_gazebo_pond_becter, lemuel_round_altar, basic_altar,
          columned_hall_lemuel
D:6:      layout_loops_ring, grunt_temple_overflow_open, serial_undead,
          serial_undead_a, serial_undead_a, serial_undead_d, serial_undead_d,
          kennysheep_generic_room_7
D:7:      layout_cave_pools, kennysheep_mini, marbit_many_paths, uniq_harold,
          uniq_pikel, uniq_duvessa
D:8:      layout_basic, serial_shops, nicolae_shop_waterfront, basic_altar,
          hangedman_pestilent_swarm, uniq_joseph
D:9:      layout_roguey, lair_entry_dummy
D:10:     layout_roguey, serial_rivers, chequers_serial_rivers_large_a,
          chequers_serial_rivers_micro_e, chequers_serial_rivers_micro_a,
          chequers_serial_rivers_small_a
D:11:     layout_roguey, david_orc_2, serial_shops, nicolae_shop_behind_doors,
          nemelex_diamond_rough_becter, uniq_erolcha
Temple:   nicolae_temple_hex_pool
Lair:1:   layout_small_grid, infiniplex_staircase_pool, serial_bayou_shore_a,
          serial_bayou_shore_b, minmay_lair_oklob_chamber
Orc:1:    layout_diamond_mine, serial_shops, nicolae_shop_statue_plus,
          basic_altar
Abyss:1
